[ AOE2 MATCH · #478092527 ]
UnrankedFranks vs Malay
Player's team · LOSS
[ REPLAY ANALYSIS · EXTRACTED FROM THE RECORDED GAME ]
Feudal
—
Castle
—
Imperial
—
| APM avg | 73.1 |
| APM peak | 83 |
| eAPM avg | 14.0 |
| Villagers / military | 9 / 0 |
Focus
⚔️ 30.4% · 🌾 69.6%
Feudal
—
Castle
—
Imperial
—
| APM avg | 15.8 |
| APM peak | 32 |
| eAPM avg | 5.7 |
| Villagers / military | 4 / 0 |
Focus
⚔️ 0.0% · 🌾 100.0%
Feudal
—
Castle
—
Imperial
—
| APM avg | 48.1 |
| APM peak | 68 |
| eAPM avg | 12.7 |
| Villagers / military | 6 / 0 |
Focus
⚔️ 0.0% · 🌾 100.0%
Feudal
—
Castle
—
Imperial
—
| APM avg | 42.9 |
| APM peak | 79 |
| eAPM avg | 5.7 |
| Villagers / military | 4 / 0 |
Focus
⚔️ 0.0% · 🌾 100.0%
Feudal
—
Castle
—
Imperial
—
| APM avg | 24.5 |
| APM peak | 34 |
| eAPM avg | 9.6 |
| Villagers / military | 6 / 0 |
Focus
⚔️ 0.0% · 🌾 100.0%
Feudal
—
Castle
—
Imperial
—
| APM avg | 24.9 |
| APM peak | 55 |
| eAPM avg | 5.7 |
| Villagers / military | 5 / 0 |
Focus
⚔️ 0.0% · 🌾 100.0%
Feudal
—
Castle
—
Imperial
—
| APM avg | 62.6 |
| APM peak | 81 |
| eAPM avg | 22.8 |
| Villagers / military | 10 / 0 |
Focus
⚔️ 7.1% · 🌾 92.9%
Feudal
—
Castle
—
Imperial
—
| APM avg | 29.3 |
| APM peak | 52 |
| eAPM avg | 8.8 |
| Villagers / military | 2 / 0 |
Focus
⚔️ 0.0% · 🌾 100.0%
Match map
Initial resources + every placement click. Lines = walls · curves = elevation contours. ◆ gold · ⬟ stone · ● berries · ✦ relic · ◌ wall gap
Your base
only_mousee's base
Disguised Monkey's base
mikeymazko's base
lucaspeixoto2584's base
MATE's base
BocaJuniorsElMasGrande's base
yalavuu's base
Smoothed initial terrain · ◌ = detected wall gap · hover for details
Inputs per minute
— 120057903 - - only_mousee
Build order — 120057903
12 actions detected in the replay
| 0:02 | Create | Villager (Male) |
| 0:02 | Create | Villager (Male) |
| 0:02 | Create | Villager (Male) |
| 0:03 | Build | House |
| 0:04 | Build | House |
| 0:16 | Create | Villager (Male) |
| 0:16 | Create | Villager (Male) |
| 0:16 | Create | Villager (Male) |
| 1:29 | Create | Villager (Male) |
| 2:00 | Create | Villager (Male) |
| 2:00 | Create | Villager (Male) |
| 2:14 | Build | Lumber Camp |
Build order — only_mousee
2 actions detected in the replay
| 0:15 | Research | Loom |
| 0:16 | Create | Villager (Male) ×4 |
Build order — Disguised Monkey
9 actions detected in the replay
| 0:00 | Create | Villager (Male) |
| 0:01 | Create | Villager (Male) |
| 0:01 | Create | Villager (Male) |
| 0:03 | Build | House |
| 0:04 | Create | Villager (Male) |
| 0:05 | Build | House |
| 1:27 | Create | Villager (Male) |
| 2:09 | Build | Lumber Camp |
| 2:14 | Create | Villager (Male) |
Build order — mikeymazko
6 actions detected in the replay
| 0:00 | Create | Villager (Male) |
| 0:01 | Create | Villager (Male) |
| 0:01 | Create | Villager (Male) |
| 0:01 | Create | Villager (Male) |
| 0:05 | Build | House |
| 0:07 | Build | House |
Build order — lucaspeixoto2584
9 actions detected in the replay
| 0:02 | Create | Villager (Male) |
| 0:02 | Create | Villager (Male) |
| 0:02 | Create | Villager (Male) |
| 0:03 | Create | Villager (Male) |
| 0:04 | Build | House |
| 0:06 | Build | House |
| 1:31 | Create | Villager (Male) |
| 2:03 | Create | Villager (Male) |
| 2:13 | Build | Lumber Camp |
Build order — MATE
7 actions detected in the replay
| 0:02 | Create | Villager (Male) |
| 0:02 | Create | Villager (Male) |
| 0:02 | Create | Villager (Male) |
| 0:03 | Create | Villager (Male) |
| 0:03 | Create | Villager (Male) |
| 0:05 | Build | House |
| 0:06 | Build | House |
Build order — BocaJuniorsElMasGrande
12 actions detected in the replay
| 0:00 | Create | Villager (Male) |
| 0:00 | Create | Villager (Male) |
| 0:01 | Create | Villager (Male) |
| 0:01 | Create | Villager (Male) |
| 0:01 | Create | Villager (Male) |
| 0:01 | Create | Villager (Male) |
| 0:03 | Build | House |
| 0:04 | Build | House |
| 1:39 | Create | Villager (Male) |
| 1:39 | Create | Villager (Male) |
| 1:59 | Create | Villager (Male) |
| 1:59 | Create | Villager (Male) |
Build order — yalavuu
5 actions detected in the replay
| 0:05 | Build | House |
| 0:07 | Research | Loom |
| 0:07 | Create | Villager (Male) |
| 0:07 | Create | Villager (Male) |
| 0:11 | Build | House |
Match timeline
| 1:17 | MATE · resign |
[ AI ANALYSIS · 1 CREDIT ]
What really happened in this match?
Wolo.gg analyzes every decision: build order, eco, micro, common mistakes by bracket. Personalized analysis on WhatsApp or Discord in 30 seconds.
Civ guide
Franks
Perfil
Jugador #10198778